 Dungeon Crawl Stone Soup version 0.31.0-32-g396128a36d (webtiles) character file.

Game seed: 9102240368942191466

117277 Tovical the Impaler (level 16, -2/145 HPs)
             Began as a Merfolk Gladiator on Mar 28, 2024.
             Was the Champion of Nemelex Xobeh.
             Killed from afar by Arachne (37 damage)
             ... with a bolt of poison
             ... on level 2 of the Spider Nest on Mar 29, 2024.
             The game lasted 02:01:07 (23800 turns).

Tovical the Impaler (Merfolk Gladiator)            Turns: 23800, Time: 02:01:09

Health: -2/145     AC: 16    Str: 22    XL:     16   Next: 73%
Magic:  25/25      EV: 21    Int:  8    God:    Nemelex Xobeh [******]
Gold:   2269       SH:  0    Dex: 15    Spells: 15/15 levels left

rFire   + . .        a - +4 demon trident (freeze)
rCold   . . .        (no shield)
rNeg    + . .        v - +2 acid dragon scales
rPois   .            E - +2 hat {SInv}
rElec   .            o - scarf {shadows}
rCorr   +            C - +2 pair of gloves
SInv    +            s - +2 pair of boots
Will    +....        q - amulet of regeneration
Stlth   ++++         w - ring of positive energy
HPRegen 1.24/turn    y - ring of protection from fire
MPRegen 0.19/turn

%: no passive effects
@: lethally poisoned (-2 -> -17), invisible
A: (nimble swimmer 2), mertail
a: Renounce Religion, Draw Escape, Draw Destruction, Draw Summoning, Triple
Draw, Deal Four, Stack Five


You were on level 2 of the Spider Nest.
You worshipped Nemelex Xobeh.
Nemelex Xobeh was exalted by your worship.
You visited 5 branches of the dungeon, and saw 26 of its levels.

You collected 2793 gold pieces.
You spent 524 gold pieces at shops.

Inventory:

Hand Weapons
 a - a +4 demon trident of freezing (weapon)
 b - a +1 spectral glaive
 u - a +1 demon trident of draining
Missiles
 d - 5 throwing nets
 e - 12 javelins
 g - 8 boomerangs (quivered)
 h - 13 curare-tipped darts
Armour
 o - a scarf of shadows (worn)
 s - a +2 pair of boots (worn)
 v - +2 acid dragon scales (worn)
 B - the +0 cloak of Hoiziraom {rF- rN+ Int+3 Stlth+}
   (You found it on level 1 of the Lair of Beasts)

   Int+3:     It affects your intelligence (+3).
   rF-:       It makes you vulnerable to fire.
   rN+:       It protects you from negative energy.
   Stlth+:    It makes you more stealthy.
 C - a +2 pair of gloves (worn)
 E - a +2 hat of see invisible (worn)
Jewellery
 c - a ring of fire
 k - a ring of resist corrosion
 q - an amulet of regeneration (around neck)
 w - a ring of positive energy (left hand)
 y - a ring of protection from fire (right hand)
 F - a ring of ice
Wands
 j - a wand of iceblast (11)
 H - a wand of charming (12)
Scrolls
 f - a scroll of teleportation
 l - 3 scrolls of fog
 m - 7 scrolls of poison
 D - 3 scrolls of identify
 I - a scroll of fear
Potions
 i - a potion of invisibility
 n - 3 potions of enlightenment
 p - 4 potions of curing
 r - 2 potions of haste
 x - 3 potions of attraction
 z - a potion of resistance
 A - 5 potions of mutation
 G - a potion of magic
 J - 2 potions of might
Miscellaneous
 t - a sack of spiders


   Skills:
 + Level 18.4 Fighting
 - Level 20.0 Polearms
 - Level 2.0 Throwing
 + Level 17.6 Dodging
 - Level 10.0 Stealth
 + Level 12.2 Invocations


You had 15 spell levels left.
You didn't know any spells.
Your spell library contained the following spells:

 Spells                   Type           Power      Damage    Failure   Level
 Freeze                   Ice            0%         1d3       50%         1
 Magic Dart               Conj           0%         1d3       50%         1
 Slow                     Hex            0%         N/A       50%         1
 Summon Small Mammal      Summ           0%         N/A       50%         1
 Lesser Beckoning         Tloc           0%         N/A       63%         2
 Mercury Vapours          Alch/Air       0%         N/A       63%         2
 Searing Ray              Conj           0%         2d4       63%         2
 Sublimation of Blood     Necr           0%         N/A       63%         2
 Call Canine Familiar     Summ           0%         N/A       86%         3
 Confusing Touch          Hex            0%         N/A       86%         3
 Dazzling Flash           Conj/Hex       0%         N/A       86%         3
 Frozen Ramparts          Ice            0%         1d1       86%         3
 Gell's Gravitas          Tloc           0%         N/A       86%         3
 Hailstorm                Conj/Ice       0%         3d5       86%         3
 Mephitic Cloud           Conj/Alch/Air  0%         N/A       86%         3
 Sigil of Binding         Hex            0%         N/A       86%         3
 Teleport Other           Tloc           0%         N/A       86%         3
 Vampiric Draining        Necr           0%         2d6       86%         3
 Animate Dead             Necr           0%         N/A       99%         4
 Fulminant Prism          Conj/Alch      0%         3d5       99%         4
 Olgreb's Toxic Radiance  Alch           0%         N/A       99%         4
 Petrify                  Alch/Erth      0%         N/A       99%         4
 Summon Blazeheart Golem  Fire/Summ      0%         N/A       99%         4
 Alistair's Intoxication  Alch           0%         N/A       100%        5
 Borgnjor's Vile Clutch   Necr/Erth      0%         N/A       100%        5
 Curse of Agony           Necr           0%         N/A       100%        5
 Freezing Cloud           Conj/Ice/Air   0%         6-21      100%        5
 Irradiate                Conj/Alch      0%         3d11      100%        5
 Silence                  Hex/Air        0%         N/A       100%        5
 Death Channel            Necr           0%         N/A       100%        6
 Dispersal                Tloc           0%         N/A       100%        6
 Eringya's Noxious Bog    Alch           0%         4d6       100%        6
 Ozocubu's Refrigeration  Ice            0%         4d7       100%        7
 Discord                  Hex            0%         N/A       100%        8
 Chain Lightning          Conj/Air       0%         N/A       100%        9
 Fire Storm               Conj/Fire      0%         5d1       100%        9
 Shatter                  Erth           0%         3d5*      100%        9


Dungeon Overview and Level Annotations

Branches:
Dungeon (15/15)            Temple (1/1) D:4            Lair (5/5) D:9
  Swamp (0/4) Lair:2       Spider (3/4) Lair:2        Slime (0/5) Lair:4
    Orc (2/2) D:12            Elf (0/3) Orc:2        Vaults (0/5) D:13
 Depths (0/4) D:15

Altars:
Ashenzari
Cheibriados
Dithmenos
Elyvilon
Fedhas
Gozag
Hepliaklqana
Kikubaaqudgha
Makhleb
Nemelex Xobeh
Okawaru
Qazlal
Ru
Sif Muna
Trog
Uskayaw
Vehumet
Wu Jian
Xom
Yredelemnul
Zin
The Shining One

Shops:
D:5 ?   D:12 ?   D:15 [   Orc:1 :   Orc:2 ==([

Portals:
Hell: Lair:5

Annotations:
Lair:3 6 runed translucent doors
Spider:2 Arachne
Orc:1 2 transporters, MatchstickMonk's ghost, journeyman VSBr


Innate Abilities, Weirdness & Mutations

((You are very nimble when in or above water. (Stealth+, EV+, Speed+++)))
Your lower body shifts to a powerful aquatic tail in water.


Message History

Arachne hits your killer bee with a staff of alchemy!!
Arachne envenoms your killer bee.
Your killer bee dies!
Your killer bee's corpse disappears in a puff of smoke!
You swap places.
Arachne's staff shoots out a stream of webbing.
The stream of webbing hits your killer bee but does no damage.
Your killer bee is caught in a web!
Your killer bee struggles to get unstuck from the web.
Your killer bee tears the web.
Arachne points her staff at you, shooting a stream of webbing.
The stream of webbing hits your killer bee but does no damage.
Your killer bee is caught in a web!
Your killer bee tears the web.
Arachne points her staff at you, shooting a stream of webbing.
The stream of webbing hits your killer bee but does no damage.
Your killer bee is caught in a web!
Your queen bee stings Arachne!
Your killer bee tears the web.
What are your orders? t - Shout!
Orders for allies: a - Attack new target. p - Attack previous target. r - Retreat! s - Stop attacking. g - Guard the area. f - Follow me.
Anything else - Cancel.
Gang up on whom?
Press: ? - help, Dir - move target, f/p - Arachne
Aim: Arachne, wielding a staff of alchemy (almost dead, ally target) Attack!
Your killer bee stings Arachne but does no damage.
Arachne stares at you and mumbles some strange words.
The bolt of poison hits your killer bee!!!
Your killer bee is poisoned.
Your killer bee dies!
Your killer bee's corpse disappears in a puff of smoke!
The bolt of poison hits you!!!
You are poisoned.
You die...
Arachne says, "All wrapped up."
Your body glows with a rainbow of weird colours and disappears.

..# .## .^# ###
.##### ### ####
.#.#.### #..##..#
.[.#.†.###..#...
#^.#..##.##.....###
##........#...##@^#
....##..#####y....#
.....####^#..y§y###
#.#....(.....H###
#####...>..##...#
####.#.......#
###..####)# . #....
## ###. #...##


You could see Arachne (ally target), a friendly queen bee (summoned) and 2
friendly killer bees.

Vanquished Creatures
  Gastronok (Lair:2)
  An orc warlord (Orc:2)
  A stone giant (D:15)
  A broodmother (Spider:1)
  Azrael (Spider:2)
  A bunyip (D:15)
  A dire elephant (Lair:5)
  2 hydras (Lair:4)
  Fannar (D:10)
  A jorogumo (Spider:2)
  4 vault guards (D:13)
  A ghost crab (Lair:2)
  2 radroaches (Spider:2)
  3 boulder beetles
  5 centaur warriors
  3 two-headed ogres
  2 tengu warriors (D:15)
  3 demonic crawlers
  Sonja (D:10)
  A sun demon (D:14)
  4 pharaoh ants
  5 skeletal warriors
  3 sixfirhies
  3 orb spiders
  4 arcanists
  2 steelbarb worms (Spider:2)
  A deep elf archer (D:13)
  A sun moth (Spider:1)
  3 orc knights
  Pikel (D:6)
  4 deep elf pyromancers
  2 orc sorcerers
  3 cyclopes
  6 wolf spiders
  4 manticores
  10 ugly things
  4 kobold blastminers (Orc:2)
  A black mamba (shapeshifter) (D:15)
  11 cane toads
  5 black mambas
  16 elephants
  An orange demon (Lair:5)
  A smoke demon (D:14)
  5 torpor snails
  2 gargoyles (D:13)
  2 rust devils (D:14)
  2 kobold demonologists
  A spectral skyshark (Lair:2)
  A yaktaur (D:13)
  5 rime drakes
  16 komodo dragons
  A freezing wraith (D:14)
  3 ice devils
  4 trolls
  4 red devils
  2 polar bears
  2 hellwings
  9 tarantellas
  A hornet (D:8)
  Prince Ribbit (D:6)
  6 blink frogs
  A glass eye (Lair:3)
  A spectral black mamba (Lair:2)
  7 dream sheep
  6 slime creatures
  Sigmund (D:3)
  3 centaur simulacra
  16 culicivoras
  A human (shapeshifter) (D:15)
  15 jumping spiders
  A vampire (D:14)
  4 wyverns
  A ynoxinul (D:14)
  3 shadows
  2 wraiths
  41 yaks
  A human (D:13)
  A spectral komodo dragon (Lair:2)
  3 steam dragons
  4 fire elementals (Spider:2)
  2 wargs (Orc:2)
  26 redbacks
  Menkaure (D:6)
  3 vampire mosquitoes (D:12)
  4 swamp worms (Lair:2)
  6 acid dragons
  17 water moccasins
  7 hell hounds
  A swamp drake (Lair:2)
  32 orc warriors
  3 sky beasts
  7 black bears
  An ice beast (D:10)
  8 ogres
  12 wolves
  9 centaurs
  A phantom (D:7)
  11 kobold brigands
  A gnoll sergeant (D:9)
  5 scorpions
  7 bullfrogs
  3 wights (D:8)
  3 electric eels
  2 howler monkeys (D:9)
  3 hounds
  22 orc priests
  A bombardier beetle (D:3)
  A jelly (D:6)
  3 gnoll boudas
  A sleepcap (D:7)
  Terence (D:2)
  6 hell rats (Lair:2)
  6 iguanas
  21 orc wizards
  Natasha (thrice) (D:2)
  28 gnolls
  6 adders
  2 shadow imps
  8 white imps
  4 dart slugs
  A ribbon worm (D:2)
  68 orcs
  10 ball pythons
  9 endoplasms
  6 giant cockroaches
  8 goblins
  8 hobgoblins
  7 jackals
  40 kobolds
  2 quokkas (D:3)
  9 bats
  A frilled lizard (D:3)
  6 rats
773 creatures vanquished.

Vanquished Creatures (collateral kills)
  An entropy weaver (Spider:1)
  A hydra (Lair:5)
  A death knight (D:14)
  2 skeletal warriors (D:12)
  A lindwurm (Lair:5)
  An ice devil (D:14)
  3 tarantellas
  2 jumping spiders
  2 yaks (Lair:2)
  3 redbacks
  An adder (Lair:5)
18 creatures vanquished.

Vanquished Creatures (others)
  An adder (Orc:2)
  4 spectral weapons
5 creatures vanquished.

Grand Total: 796 creatures vanquished

Notes
Turn   | Place    | Note
-------+----------+-------------------------------------------
     0 | D:1      | Tovical the Merfolk Gladiator began the quest for the Orb.
     0 | D:1      | Reached XP level 1. HP: 16/16 MP: 1/1
   112 | D:1      | Reached XP level 2. HP: 22/23 MP: 2/2
   464 | D:1      | Reached XP level 3. HP: 29/29 MP: 3/3
   612 | D:1      | Reached skill level 5 in Polearms
   911 | D:2      | Noticed Natasha
   915 | D:2      | Killed Natasha
   916 | D:2      | Reached XP level 4. HP: 26/37 MP: 4/4
  1121 | D:2      | Noticed Terence
  1128 | D:2      | Killed Terence
  1184 | D:2      | Noticed Natasha
  1191 | D:2      | Killed Natasha
  1192 | D:2      | Reached XP level 5. HP: 31/42 MP: 5/5
  1330 | D:2      | Reached skill level 6 in Polearms
  1738 | D:3      | Noticed Sigmund
  1747 | D:3      | Killed Sigmund
  1748 | D:3      | Reached skill level 5 in Fighting
  1748 | D:3      | Reached skill level 7 in Polearms
  1748 | D:3      | Reached XP level 6. HP: 45/51 MP: 6/6
  1792 | D:4      | Found a staircase to the Ecumenical Temple.
  1800 | Temple   | Entered the Ecumenical Temple
  1820 | Temple   | Became a worshipper of Nemelex Xobeh the Trickster
  2203 | D:2      | Noticed Natasha
  2217 | D:2      | Killed Natasha
  2316 | D:2      | Found a shimmering altar of Xom.
  2641 | D:3      | Found a faded altar of an unknown god.
  2641 | D:3      | Noticed a Brimstone Fiend
  2762 | D:5      | Entered Level 5 of the Dungeon
  2766 | D:4      | Reached XP level 7. HP: 57/57 MP: 7/7
  2876 | D:4      | Reached * piety under Nemelex Xobeh
  3006 | D:4      | Received a gift from Nemelex Xobeh
  3157 | D:4      | Found Zin's Purification Station.
  3160 | D:4      | Found a glowing silver altar of Zin.
  3171 | D:4      | Bought a potion of curing for 90 gold pieces
  3362 | D:4      | Received a gift from Nemelex Xobeh
  3387 | D:4      | Reached skill level 8 in Polearms
  3387 | D:4      | Reached skill level 1 in Invocations
  3563 | D:5      | Reached ** piety under Nemelex Xobeh
  3620 | D:5      | Found a blossoming altar of Fedhas.
  3651 | D:5      | Found Hoisu's Magic Scroll Emporium.
  3736 | D:5      | Bought a scroll of teleportation for 30 gold pieces
  3736 | D:5      | Bought a scroll of enchant weapon for 75 gold pieces
  3900 | D:5      | Reached XP level 8. HP: 65/65 MP: 8/10
  4147 | D:5      | Reached skill level 9 in Polearms
  4432 | D:6      | Noticed Menkaure
  4434 | D:6      | Found a broken altar of Ashenzari.
  4449 | D:6      | Killed Menkaure
  4569 | D:6      | Noticed Pikel
  4581 | D:6      | Killed Pikel
  4582 | D:6      | Reached skill level 10 in Polearms
  4582 | D:6      | Reached skill level 5 in Invocations
  4582 | D:6      | Reached XP level 9. HP: 54/75 MP: 11/13
  4912 | D:6      | Noticed Prince Ribbit
  4919 | D:6      | Killed Prince Ribbit
  5244 | D:7      | Reached *** piety under Nemelex Xobeh
  5555 | D:7      | Found a shadowy altar of Dithmenos.
  5577 | D:7      | Reached skill level 11 in Polearms
  5579 | D:7      | Noticed a kobold demonologist
  5589 | D:7      | Killed a kobold demonologist
  5673 | D:7      | Found an iron altar of Okawaru.
  5673 | D:7      | Found a hazy altar of Hepliaklqana.
  5768 | D:7      | Reached XP level 10. HP: 84/84 MP: 15/15
  6045 | D:8      | Found a bloodstained altar of Trog.
  6146 | D:8      | Reached skill level 12 in Polearms
  6150 | D:8      | Reached skill level 10 in Fighting
  6223 | D:8      | Received a gift from Nemelex Xobeh
  6265 | D:8      | Found a sacrificial altar of Ru.
  6511 | D:8      | Reached **** piety under Nemelex Xobeh
  6958 | D:9      | Received a gift from Nemelex Xobeh
  6972 | D:10     | Entered Level 10 of the Dungeon
  7048 | D:9      | Found a staircase to the Lair.
  7125 | D:9      | Received a gift from Nemelex Xobeh
  7370 | D:9      | Reached skill level 13 in Polearms
  7563 | D:9      | Received a gift from Nemelex Xobeh
  7684 | Lair:1   | Entered Level 1 of the Lair of Beasts
  7770 | Lair:2   | Noticed a torpor snail
  7775 | Lair:1   | Reached XP level 11. HP: 87/93 MP: 17/17
  7789 | Lair:1   | Identified the +0 cloak of Hoiziraom {rF- rN+ Int+3 Stlth+}
  8209 | Lair:1   | Received a gift from Nemelex Xobeh
  8715 | Lair:1   | Reached ***** piety under Nemelex Xobeh
  8920 | Lair:2   | Noticed Gastronok
  8933 | Lair:2   | Killed Gastronok
  8934 | Lair:2   | Reached skill level 14 in Polearms
  8934 | Lair:2   | Reached skill level 1 in Stealth
  8934 | Lair:2   | Reached skill level 10 in Invocations
  8986 | Lair:2   | Reached skill level 5 in Dodging
  9037 | Lair:2   | Noticed a wolf spider
  9039 | Lair:2   | a wolf spider changed into a komodo dragon
  9196 | Lair:3   | Noticed a seven-headed hydra
  9226 | Lair:2   | Received a gift from Nemelex Xobeh
  9423 | Lair:2   | Found a hole to the Spider Nest.
  9528 | Lair:2   | Reached XP level 12. HP: 73/103 MP: 19/19
  9559 | Lair:2   | Identified the -1 trident of Victory {protect, rCorr Int+4}
  9646 | Lair:2   | Noticed a ghost crab
  9684 | Lair:2   | HP: 2/93 [spectral six-headed hydra[a ghost crab] (7)]
  9774 | Lair:2   | Reached skill level 5 in Stealth
  9785 | Lair:2   | Reached skill level 15 in Polearms
  9849 | Lair:2   | Found a staircase to the Swamp.
  9853 | Lair:2   | Killed a ghost crab
 10178 | Lair:3   | Identified the +0 ring mail "Woellorgh" {Str+2 Int+3}
 10380 | Lair:3   | Received a gift from Nemelex Xobeh
 10539 | Lair:3   | Reached skill level 16 in Polearms
 10539 | Lair:3   | Reached XP level 13. HP: 111/111 MP: 20/20
 10734 | Lair:3   | HP: 2/112 [seven-headed hydra (12)]
 11209 | Lair:3   | Found a runed translucent door.
 11254 | Lair:3   | Identified the +9 whip "Ekhluesi" {flame, Will- Str+2 Int+4
                  | Stlth+}
 11271 | Lair:3   | Found a runed translucent gate.
 11271 | Lair:3   | Found a runed translucent gate.
 11271 | Lair:3   | Found a runed translucent gate.
 11271 | Lair:3   | Found a runed translucent gate.
 11272 | Lair:3   | Found a runed translucent gate.
 11273 | Lair:3   | Found a runed translucent gate.
 11380 | Lair:4   | Received a gift from Nemelex Xobeh
 11421 | Lair:5   | Entered Level 5 of the Lair of Beasts
 11453 | Lair:4   | Reached skill level 10 in Dodging
 11622 | Lair:4   | Found a staircase to the Slime Pits.
 11766 | Lair:5   | Received a gift from Nemelex Xobeh
 12387 | Lair:5   | Received a gift from Nemelex Xobeh
 12412 | Lair:5   | Noticed Urug
 12416 | Lair:5   | Urug changed into Urug the adder
 12416 | Lair:5   | Noticed Urug
 12416 | Lair:5   | Killed Urug the adder
 12478 | Lair:5   | Reached skill level 17 in Polearms
 12607 | Lair:5   | Received a gift from Nemelex Xobeh
 12762 | Lair:5   | Noticed a dire elephant
 12784 | Lair:5   | Killed a dire elephant
 12790 | Lair:5   | Reached XP level 14. HP: 64/121 MP: 21/21
 12880 | Lair:5   | Reached skill level 10 in Stealth
 13247 | Lair:5   | Reached skill level 15 in Fighting
 13350 | Lair:5   | Found a burning altar of Makhleb.
 13466 | Lair:5   | Found a gateway to Hell.
 13643 | D:10     | Received a gift from Nemelex Xobeh
 13836 | D:11     | Identified the +4 ring mail of the Leaf {Str+3 Slay+2}
 13881 | D:11     | Received a gift from Nemelex Xobeh
 14155 | D:11     | Reached ****** piety under Nemelex Xobeh
 14220 | D:11     | Identified the blade talisman "Rikleg" {MP+9 Str+2}
 14467 | D:11     | Reached skill level 18 in Polearms
 14832 | D:10     | Received a gift from Nemelex Xobeh
 14866 | D:10     | Found an ancient bone altar of Kikubaaqudgha.
 14866 | D:10     | Found a hide-covered altar of Uskayaw.
 14976 | D:10     | Noticed Fannar
 15007 | D:10     | Killed Fannar
 15169 | D:10     | Noticed Sonja
 15171 | D:10     | Killed Sonja
 15553 | D:13     | Received a gift from Nemelex Xobeh
 15559 | D:12     | Identified the +4 robe "Cudyakk" {Int+4 Slay+3}
 15721 | D:12     | Found a staircase to the Orcish Mines.
 15856 | D:12     | Found Mudes's Magic Scroll Emporium.
 15949 | D:12     | Received a gift from Nemelex Xobeh
 16055 | D:12     | Bought a scroll of enchant weapon for 82 gold pieces
 16055 | D:12     | Bought 3 scrolls of enchant armour for 247 gold pieces
 16149 | D:12     | Received a gift from Nemelex Xobeh
 16416 | Orc:1    | Entered Level 1 of the Orcish Mines
 16426 | Orc:1    | Found Vatsics's Self-Improvement Boutique.
 16481 | Orc:1    | Received a gift from Nemelex Xobeh
 16770 | Orc:1    | Found a transporter.
 16806 | Orc:1    | Found a transporter.
 16809 | Orc:1    | Noticed MatchstickMonk's ghost (journeyman VSBr)
 16838 | Orc:1    | Found a frozen archway.
 16918 | Orc:1    | Received a gift from Nemelex Xobeh
 16932 | Orc:2    | Entered Level 2 of the Orcish Mines
 17260 | Orc:2    | Found a staircase to the Elven Halls.
 17425 | Orc:2    | Received a gift from Nemelex Xobeh
 17576 | Orc:2    | Found Wupsimp's Jewellery Shop.
 17844 | Orc:2    | Noticed an orc warlord
 17859 | Orc:2    | Killed an orc warlord
 17962 | Orc:2    | Reached XP level 15. HP: 131/131 MP: 22/22
 18044 | Orc:2    | Found Domojal's Antique Weapon Emporium.
 18045 | Orc:2    | Found Jaacsouk's Antique Armour Shoppe.
 18114 | Orc:2    | Reached skill level 19 in Polearms
 18344 | Orc:2    | Found Tota's Jewellery Shoppe.
 18681 | D:13     | Received a gift from Nemelex Xobeh
 19110 | D:13     | Received a gift from Nemelex Xobeh
 19282 | D:13     | Found a gate to the Vaults.
 19292 | D:13     | Reached skill level 15 in Dodging
 19505 | D:15     | Entered Level 15 of the Dungeon
 19639 | D:14     | Identified the +1 pair of gloves of Parts Unknown {rC+
                  | Dex-5 SInv}
 19835 | D:14     | Reached skill level 20 in Polearms
 19844 | D:14     | Received a gift from Nemelex Xobeh
 20375 | D:15     | Found a staircase to the Depths.
 20385 | D:15     | Found an iron altar of Okawaru.
 20435 | D:15     | Noticed Jorgrun
 20443 | D:15     | Jorgrun changed into Jorgrun the bunyip
 20443 | D:15     | Noticed Jorgrun
 20445 | D:15     | Killed Jorgrun the bunyip
 20560 | D:15     | Found Inaihaat's Antique Armour Shoppe.
 20655 | D:15     | Received a gift from Nemelex Xobeh
 20742 | D:15     | Reached XP level 16. HP: 129/141 MP: 22/24
 21315 | Spider:1 | Entered Level 1 of the Spider Nest
 22433 | Spider:1 | Identified the amulet of the Sheltering Gods {Reflect
                  | *Corrode rC+ rN+ SH+5}
 22865 | Spider:2 | Noticed Azrael
 22878 | Spider:2 | Killed Azrael
 23075 | Spider:2 | Paralysed by a jorogumo for 3 turns
 23542 | Spider:2 | Received a gift from Nemelex Xobeh
 23774 | Spider:2 | Noticed Arachne
 23800 | Spider:2 | Killed from afar by Arachne

Illustrated notes

Levels and vault maps discovered:
D:1:      minmay_arrival_stone_box, layout_basic, minmay_misc_feat_alley
D:2:      wad_lake_hut, layout_loops_ring, basic_altar,
          corexii_leaking_fountain, minmay_circle_x, uniq_terence, uniq_natasha
D:3:      minmay_inner_zag, layout_basic,
          dreamdust_ecumenical_altar_sealed_demon, uniq_sigmund
D:4:      layout_gridville, zin_purify, minmay_temple_entry_butterflies,
          nicolae_ossuary_entry_ruins
D:5:      layout_basic, lemuel_crystal_altar, serial_shops,
          nicolae_shop_just_a_little_nook
D:6:      layout_loops_ring, nicolae_ashenzari_skybound,
          kennysheep_small_square, uniq_pikel, uniq_prince_ribbit1,
          uniq_menkaure
D:7:      layout_loops_corners, mainiacjoe_overflow_cross_hatched,
          gammafunk_temple_overflow_statue
D:8:      layout_basic, trog_three_pillars_becter, mainiacjoe_overflow_alcove_2,
          nicolae_eternal_life
D:9:      layout_basic, dpeg_oklobed_lair
D:10:     layout_stronghold, chequers_temple_overflow_statue_of_worship,
          serial_ice, serial_ice_o, serial_ice_c, serial_ice_l, serial_ice_e,
          uniq_fannar, uniq_sonja
D:11:     layout_grid_maze, gauntlet_entry_generic
D:12:     layout_irregular_city, orc_0_dummy, serial_shops, shop, kennysheep_nub
D:13:     layout_irregular_city, grunt_vaults_entry_fortified
D:14:     layout_roguey, serial_demonic, serial_demonic_d, serial_demonic_d,
          serial_demonic_f, serial_demonic_e, serial_demonic_b,
          serial_demonic_g, nrook_mini_backslash
D:15:     grunt_enter_depths_giant_problem, layout_gridville, serial_shops,
          nicolae_lakefront_shop, minmay_misc_feat_doors,
          okawaru_ov_weapons_minmay, uniq_jorgrun
Temple:   nicolae_temple_x_marks_the_god
Lair:1:   layout_layer_cave, infiniplex_staircase_pool_2, serial_bayou_shore_a
Lair:2:   layout_roguey, nicolae_swamp_entry_spooky, spider_nest_entry_rubble,
          hangedman_lair_unloving_vines, worms_lemuel, uniq_gastronok
Lair:3:   gammafunk_indiana_jones, layout_gridlike, beast_lair_carwin_6
Lair:4:   layout_loops_ring, slime_entry_1, serial_bayou_shore_b
Lair:5:   evil_forest, layout_regular_city, serial_bayou_lagoon_a,
          hibernation_bobbens, grunt_megastairs_1, uniq_urug
Spider:1: layout_spider_delve
Spider:2: layout_spider_delve, nicolae_spider_eight_legs, uniq_asterion,
          uniq_azrael, uniq_arachne
Spider:3: layout_chambers, gammafunk_ghost_arena,
          hangedman_spider_tarantella_strand
Orc:1:    layout_diamond_mine, portal_ice_cave_entry_pillars_2,
          gammafunk_ghost_berserking_beasts, lemuel_statue_altar,
          nicolae_shop_self_help
Orc:2:    grunt_orc_community_town_hall, layout_caves,
          grunt_orc_community_big_house_2, grunt_orc_community_big_house_1,
          grunt_orc_community_house_2, grunt_orc_community_house_2,
          grunt_orc_community_house_1, grunt_orc_community_house_2, basic_altar,
          mines1_david

Skill      XL: |  1  2  3  4  5  6  7  8  9 10 11 12 13 14 15 16 |
---------------+-------------------------------------------------+-----
Fighting       | 3 4 5 6 8 9 11 12 13 14 16 17 18 | 18.4
Polearms       | 5 7 8 10 11 13 14 16 17 18 20 | 20.0
Invocations    | 2 5 7 9 10 12 | 12.2
Stealth        | 4 7 9 10 | 10.0
Dodging        | 6 9 11 14 16 17 | 17.6
Throwing       | |  2.0

Action                     |  1- 3 |  4- 6 |  7- 9 | 10-12 | 13-15 | 16-18 || total
---------------------------+-------+-------+-------+-------+-------+-------++-------
  Melee: Trident           |   113 |   124 |   244 |   125 |    25 |       ||   631
         Punch             |     1 |     2 |     1 |     2 |     6 |     2 ||    14
         Tailslap          |       |     1 |       |    11 |     4 |     2 ||    18
         Glaive            |       |       |       |   303 |   424 |    14 ||   741
         Demon trident     |       |       |       |       |   627 |   352 ||   979
  Throw: Boomerang         |       |       |     3 |    11 |    13 |     4 ||    31
         Dart              |       |       |     3 |     1 |       |     1 ||     5
         Javelin           |       |       |       |     1 |       |       ||     1
 Invoke: Draw Destruction  |       |       |    11 |    19 |    34 |    11 ||    75
         Draw Summoning    |       |       |       |     5 |    13 |     1 ||    19
         Draw Escape       |       |       |       |     3 |     8 |     4 ||    15
         Triple Draw       |       |       |       |       |     1 |     1 ||     2
         Deal Four         |       |       |       |       |       |     2 ||     2
  Evoke: Wand              |       |       |       |     2 |       |       ||     2
    Use: Scroll            |     5 |     6 |     7 |     8 |    14 |     1 ||    41
         Potion            |       |       |     4 |     1 |     5 |     7 ||    17
   Stab: Sleeping          |       |       |     3 |     5 |    49 |     7 ||    64
         Invisible         |       |       |     4 |       |     4 |       ||     8
         Distracted        |       |       |       |     6 |    14 |     7 ||    27
         Petrifying        |       |       |       |       |     1 |       ||     1
         Petrified         |       |       |       |       |     1 |       ||     1
 Armour: Leather armour    |    45 |    39 |    91 |    94 |       |       ||   269
         Acid dragon scale |       |       |       |   100 |   360 |   267 ||   727
  Dodge: Dodged            |   103 |   101 |   188 |   289 |   557 |   346 ||  1584
